 Dungeon Crawl Stone Soup version 0.20.0-1-g1cb1d84 (webtiles) character file.

1216 cereshysteria the Martial Artist (level 8, -7/69 HPs)
             Began as a Naga Monk on May 26, 2017.
             Mangled by Duvessa
             ... wielding a +0 short sword
              (10 damage)
             ... on level 6 of the Dungeon.
             The game lasted 00:21:25 (9394 turns).

cereshysteria the Martial Artist (Naga Monk)        Turns: 9394, Time: 00:21:26

Health: -7/69      AC:  4    Str: 15    XL:     8   Next: 46%
Magic:  8/8        EV: 10    Int: 15    God:
Gold:   228        SH:  0    Dex: 15    Spells: 7/7 levels left

rFire    . . .     SeeInvis +     - Unarmed
rCold    . . .     Gourm    .   (no shield)
rNeg     . . .     Faith    .   d - +0 leather armour
rPois    +         Spirit   .   (no helmet)
rElec    .         Reflect  .   (no cloak)
rCorr    .         Harm     .   (no gloves)
MR       +....                  (no barding)
Stlth    ++........             (no amulet)
Regen    0.3/turn               p - +3 ring of slaying
MPRegen  0.2/turn               (no ring)

@: brilliant, very slow
A: see invisible, deformed body, poison resistance, slowness 2, slow metabolism
1, spit poison 1, AC +2
a: Spit Poison


You were on level 6 of the Dungeon.
You were not hungry.

You visited 1 branch of the dungeon, and saw 6 of its levels.

You collected 228 gold pieces.

Inventory:

Hand Weapons
 j - a +0 flail
Armour
 d - a +0 leather armour (worn)
Jewellery
 p - a +3 ring of slaying (left hand)
Wands
 b - a wand of digging (19/24)
Scrolls
 c - 6 scrolls of identify
 g - 2 scrolls of teleportation
 h - 2 scrolls of remove curse
 n - a scroll of fear
Potions
 e - 4 potions of lignification
 k - 2 potions of curing
Books
 o - a book of Maledictions

   Spells                             Type                      Level
   a - Corona                         Hexes                        1
   b - Ensorcelled Hibernation        Hexes/Ice                    2
   c - Confuse                        Hexes                        3
   d - Tukima's Dance                 Hexes                        3
   e - Dazzling Spray                 Conjuration/Hexes            3
Comestibles
 f - a royal jelly
 i - 4 meat rations
 l - a bread ration
 m - a fruit


   Skills:
 - Level 3.0 Fighting
 * Level 2.7 Dodging
 - Level 3.0 Stealth
 + Level 10.2 Unarmed Combat


You had 7 spell levels left.
You didn't know any spells.

Dungeon Overview and Level Annotations

Branches:
Dungeon (6/15)
 Temple: D:4-7

Altars:
Ashenzari
Fedhas
Ru

Shops:
D:6 (

Annotations:
D:6 Dowan, Duvessa, Grinder


Innate Abilities, Weirdness & Mutations

You cannot wear boots.
Your serpentine skin is tough. (AC +2)
You have supernaturally acute eyesight. (SInv)
Armour fits poorly on your strangely shaped body.
Your system is resistant to poisons. (rPois)
You cover ground very slowly.
You have a slow metabolism.
You can spit poison.


Message History

Your wand of digging (?/24) glows for a moment.
Duvessa barely misses you. Dowan barely misses you.
Duvessa hits you with a short sword.
* * * LOW HITPOINT WARNING * * *
Unknown command.
Okay, then.
You are a level 8 Naga Monk.
You are 46% of the way to level 9.
Play time: 00:21:09 (9392 turns)
You pace your travel speed to your slowest ally.
Aiming: Dig (will waste charges)
Press: ? - help, Shift-Dir - straight line The rock shatters into small pieces.
Evoking this partially-identified wand wasted a few charges.
Duvessa hits you with a short sword.
* * * LOW HITPOINT WARNING * * *
Dowan gestures wildly while chanting.
Dowan blinks!
Duvessa barely misses you. Duvessa hits you with a short sword!
You die...

.. # . .# ######### ..####.####
........# .........#
........#####+#........#
.......................
.......(...............
.%.^..........e@....#
..$.....#####.###...###########
........# #.# #...#.........#
........# #.# #...#)#######.#
........# #e# #...#.# #####.#
.$......# #.# #...#.###.....#
######### #.# #...#)##..).P.#
#.# #...#.))..P∩P.##
##..#.##...PP..#


You could see Duvessa.

Vanquished Creatures
  An orc warrior (D:6)
  2 ogres (D:5)
  A centaur (D:3)
  3 scorpions
  A centaur zombie (D:3)
  2 hounds (D:4)
  A centaur skeleton (D:4)
  3 orc priests
  6 orc wizards
  Ijyb (D:3)
  An iguana (D:6)
  3 worker ants
  9 adders
  A gnoll (D:1)
  2 adder skeletons
  4 worms
  3 dart slugs (D:2)
  7 leopard geckos
  14 orcs
  A ball python (D:3)
  8 bats
  5 giant cockroaches
  10 goblins
  4 hobgoblins (D:2)
  5 jackals
  2 kobolds
  2 quokkas
  3 frilled lizards
  A leopard gecko skeleton (D:4)
  11 rats
117 creatures vanquished.

Notes
Turn   | Place    | Note
-------+----------+-------------------------------------------
     0 | D:1      | cereshysteria the Naga Monk began the quest for the Orb.
     0 | D:1      | Reached XP level 1. HP: 21/21 MP: 1/1
    84 | D:1      | Reached XP level 2. HP: 16/28 MP: 2/2
   643 | D:1      | Reached skill level 4 in Unarmed Combat
   748 | D:1      | Reached XP level 3. HP: 33/34 MP: 3/3
  1712 | D:2      | Reached XP level 4. HP: 35/42 MP: 4/4
  2341 | D:2      | Found a sacrificial altar of Ru.
  2589 | D:3      | Reached skill level 5 in Unarmed Combat
  3351 | D:3      | Noticed Ijyb
  3381 | D:3      | Killed Ijyb
  3381 | D:3      | Reached XP level 5. HP: 28/49 MP: 5/5
  3700 | D:3      | Noticed a centaur
  3708 | D:3      | Killed a centaur
  3708 | D:3      | Reached skill level 6 in Unarmed Combat
  3708 | D:3      | Reached XP level 6. HP: 31/56 MP: 6/6
  3783 | D:3      | Found a blossoming altar of Fedhas.
  4315 | D:4      | Noticed a phantom
  5318 | D:4      | Reached skill level 7 in Unarmed Combat
  6359 | D:4      | Reached XP level 7. HP: 39/62 MP: 7/7
  6700 | D:4      | Reached skill level 8 in Unarmed Combat
  7289 | D:5      | Entered Level 5 of the Dungeon
  7540 | D:5      | HP: 3/62 [ogre/giant club (28)]
  7544 | D:5      | Reached skill level 9 in Unarmed Combat
  7856 | D:5      | Reached XP level 8. HP: 67/69 MP: 8/8
  7863 | D:5      | Found a shattered altar of Ashenzari.
  8927 | D:6      | Found Nokamun's Antique Weapon Boutique.
  9053 | D:6      | Reached skill level 10 in Unarmed Combat
  9360 | D:6      | Noticed Grinder
  9373 | D:6      | Noticed Duvessa
  9374 | D:6      | Noticed Dowan
  9388 | D:6      | HP: 3/69 [Duvessa/short sword (8)]
  9394 | D:6      | Mangled by Duvessa

Skill      XL: |  1  2  3  4  5  6  7  8 |
---------------+-------------------------+-----
Unarmed Combat | 4 5 6 7 9 10 | 10.2
Fighting       | |  3.0
Dodging        | |  2.7
Stealth        | |  3.0

Action                   |  1- 3 |  4- 6 |  7- 9 || total
-------------------------+-------+-------+-------++-------
Melee: Unarmed           |    92 |   247 |   167 ||   506
       Punch             |     2 |     7 |     8 ||    17
 Abil: Spit Poison       |       |       |     1 ||     1
Evoke: Wand              |       |       |     1 ||     1
  Use: Scroll            |     7 |     4 |     3 ||    14
       Potion            |     4 |       |     6 ||    10
 Stab: Sleeping          |     4 |     2 |     1 ||     7
  Eat: Bread ration      |     1 |     1 |       ||     2
       Meat ration       |       |     1 |     1 ||     2
       Royal jelly       |       |     1 |       ||     1
Armor: Robe              |    11 |       |       ||    11
       Leather armour    |     7 |    60 |    32 ||    99
Dodge: Dodged            |    41 |   172 |    90 ||   303
